 Dungeon Crawl Stone Soup version 0.29.0 (webtiles) character file.

Game seed: 7910835562873917469

16 SultanaBran the Trooper (level 2, -5/27 HPs)
             Began as a Minotaur Berserker on Sept 5, 2022.
             Was a Follower of Trog.
             Slain by a goblin
             ... wielding a +0 dagger of electrocution
              (19 damage)
             ... on level 1 of the Dungeon.
             The game lasted 00:05:43 (544 turns).

SultanaBran the Trooper (Minotaur Berserker)         Turns: 544, Time: 00:05:44

Health: -5/27      AC:  3    Str: 21    XL:     2   Next: 41%
Magic:  1/1        EV: 11    Int:  4    God:    Trog [*.....]
Gold:   39         SH:  0    Dex:  9    Spells: 1/1 levels left

rFire   . . .      SeeInvis .   a - +0 falchion
rCold   . . .      Faith    .   (no shield)
rNeg    . . .      Spirit   .   h - +0 leather armour
rPois   .          Reflect  .   (helmet restricted)
rElec   .          Harm     .   (no cloak)
rCorr   .          Rampage  .   (no gloves)
Will    .....                   (no boots)
Stlth   +.........              (no amulet)
HPRegen 0.09/turn               l - +4 ring of slaying
MPRegen 0.07/turn               (no ring)

@: no status effects
A: horns 2, retaliatory headbutt
a: Renounce Religion, Berserk


You were on level 1 of the Dungeon.
You worshipped Trog.
Trog was aware of your devotion.
You visited 1 branch of the dungeon, and saw 1 of its levels.

You collected 39 gold pieces.

Inventory:

Hand Weapons
 a - a +0 falchion (weapon)
 f - a +0 whip
Missiles
 e - 6 stones
 m - 4 poisoned darts (quivered)
Armour
 b - a +0 animal skin
 h - a +0 leather armour (worn)
Jewellery
 l - a +4 ring of slaying (left hand)
Scrolls
 g - a scroll of enchant armour {unknown}
 i - a scroll of amnesia {unknown}
 j - a scroll of poison {unknown}
 k - a scroll of blinking {unknown}
Potions
 c - a potion of curing {unknown}
 d - a potion of might {unknown}


   Skills:
 + Level 4.1 Fighting
 + Level 4.0 Long Blades
 + Level 2.5 Armour
 + Level 2.4 Dodging


You had one spell level left.
You didn't know any spells.
Your spell library was empty.

Dungeon Overview and Level Annotations

Branches:
Dungeon (1/15)

Altars:


Innate Abilities, Weirdness & Mutations

You have a pair of horns on your head.
You reflexively headbutt those who attack you in melee.


Message History

Okay, then.
You open the door. The jackal barely misses you.
You barely miss the jackal. Your headbutt misses the jackal.
The jackal completely misses you.
You slash the jackal!
You kill the jackal!
Trog accepts your kill.
There is an open door, spattered with blood here.
Found 5 gold pieces.
A jackal comes into view.
The jackal barks!
A jackal comes into view.
The jackal barks!
You hear a shout!
You completely miss the jackal. The jackal closely misses you.
You hit the jackal.
The jackal is heavily wounded.
The jackal barely misses you. The jackal misses you. You furiously retaliate!
You headbutt the jackal!
You kill the jackal!
Trog accepts your kill. The jackal bites you.
You hit the jackal.
You kill the jackal!
Trog accepts your kill.
You see here a jackal corpse.
Found 4 stones.
You now have 34 gold pieces (gained 12).
You now have 39 gold pieces (gained 5).
A goblin opens the door.
A kobold comes into view. It is wielding a +0 club.
The goblin shouts!
The kobold shouts!
The goblin hits you but does no damage.
You closely miss the goblin.
The goblin hits you with a +0 dagger of electrocution.
You are electrocuted!
You barely miss the goblin. The goblin completely misses you.
You hit the goblin. Your headbutt misses the goblin.
The goblin is heavily wounded.
The goblin hits you but does no damage.
You are electrocuted!!
Ouch! That really hurt!
You die...

......###.....####.###
###.....'.............
....#####.†..#.....#
##### #....#.....#
#.......⌠..#####
#....####.........#
#.##+###.......##. # #
.........#### #
........@# ######
.........g.K....
.....#
..###(...##.....
####.# .. ###+## ....
..# ### ### # # ####.#
.....#


You could see a goblin and a kobold.

Vanquished Creatures
  A bat (D:1)
  3 endoplasms (D:1)
  A hobgoblin (D:1)
  3 jackals (D:1)
  A kobold (D:1)
  3 frilled lizards (D:1)
  3 rats (D:1)
15 creatures vanquished.

Notes
Turn   | Place    | Note
-------+----------+-------------------------------------------
     0 | D:1      | SultanaBran the Minotaur Berserker began the quest for the
                  | Orb.
     0 | D:1      | Reached XP level 1. HP: 19/19 MP: 0/0
   299 | D:1      | Reached XP level 2. HP: 25/27 MP: 1/1
   544 | D:1      | Slain by a goblin

Illustrated notes

Levels and vault maps discovered:
D:1:      dpeg_arrival_lava_temple_mockup, layout_basic, basic_ecumenical_altar,
          solitary_fountain

Skill      XL: |  1  2 |
---------------+-------+-----
Fighting       | 4 |  4.1
Long Blades    | 4 |  4.0
Armour         | |  2.5
Dodging        | |  2.4

Action                   || total
-------------------------++-------
Melee: Falchion          ||    31
       Headbutt          ||     3
Throw: Stone             ||     3
Armor: Animal skin       ||     4
       Leather armour    ||     4
Dodge: Dodged            ||    16
